Map: Coda LE

Players

Filtersc - Winner!

  • Race: Protoss Protoss
  • Spawn Location: 11:00

Wintersc2 (Winter)

  • Race: Terran Terran
  • Spawn Location: 5:00

VOD

Have the link to the VOD?

Description

Time

  • Played on: April 2, 2015, 1:16 a.m.
  • Length: 16:00
Show
View Real Time Build Order
Export as new Build Order

Filtersc Protoss - Winner!

Build Orders: 1 Gate MSC Expand, Oracle Opening, Carrier Rush 

Get SALT Encoding   

  13  0:09  Pylon  
  12  0:15  Probe  
  13  0:27  Probe  
  14  0:32  Gateway  
  14  0:39  Probe (Chrono Boost)  
  15  0:46  Assimilator  
  15  0:51  Probe (Chrono Boost)  
  16  0:58  Probe (Chrono Boost), Pylon  
  17  1:09  Probe (Chrono Boost)  
  19  1:18  Probe (Chrono Boost)  
  19  1:19  Cybernetics Core  
  19  1:26  Probe  
  20  1:38  Probe, Assimilator  
  21  1:50  Probe  
  22  2:02  Mothership Core  
  24  2:12  Nexus  
  24  2:31  Probe (Chrono Boost)  
  24  2:33  Pylon  
  25  2:39  Stargate  
  25  2:41  Probe (Chrono Boost)  
  26  2:48  Probe  
  26  2:49  Stalker (Chrono Boost)  
  29  3:00  Probe (Chrono Boost)  
  30  3:11  Probe (Chrono Boost)  
  31  3:19  Probe, Pylon  
  32  3:27  Assimilator  
  32  3:31  Assimilator  
  32  3:33  Probe (Chrono Boost)  
  34  3:39  Probe (Chrono Boost)  
  34  3:43  Probe (Chrono Boost)  
  34  3:46  Fleet Beacon  
  34  3:47  Probe (Chrono Boost)  
  36  3:51  Probe (Chrono Boost)  
  39  4:02  Probe (Chrono Boost)  
  39  4:03  Probe (Chrono Boost)  
  39  4:05  Oracle (Chrono Boost)  
  39  4:09  Probe (Chrono Boost)  
  44  4:11  Probe (Chrono Boost)  
  44  4:20  Probe (Chrono Boost), Carrier (Chrono Boost)  
  46  4:27  Probe (Chrono Boost)  
  46  4:29  Probe (Chrono Boost)  
  47  4:35  Probe (Chrono Boost)  
  54  4:42  Probe (Chrono Boost)  
  55  4:50  Robotics Facility  
  55  4:53  Stargate  
  55  4:54  Pylon  
  55  4:56  Probe (Chrono Boost)  
  56  5:00  Probe  
  56  5:04  Pylon  
  57  5:08  Pylon  
  57  5:15  Carrier (Chrono Boost)  
  57  5:16  Probe (Chrono Boost)  
  57  5:17  Probe (Chrono Boost)  
  59  5:27  Carrier (Chrono Boost)  
  60  5:33  Probe (Chrono Boost)  
  66  5:41  Probe x2  
  66  5:42  Forge  
  68  5:47  Observer  
  74  6:04  Probe (Chrono Boost)  
  74  6:11  Graviton Catapult (Chrono Boost)  
  74  6:13  Protoss Air Weapons Level 1 (Chrono Boost)  
  71  6:22  Photon Cannon  
  71  6:23  Carrier (Chrono Boost)  
  71  6:24  Photon Cannon  
  71  6:33  Observer, Carrier  
  71  6:37  Pylon  
  71  6:38  Pylon  
  77  6:49  Probe x2  
  85  7:03  Pylon  
  85  7:05  Pylon  
  85  7:09  Pylon  
  85  7:10  Pylon  
  85  7:13  Carrier  
  85  7:29  Probe x2  
  80  7:30  Carrier  
  86  7:44  Probe  
  87  7:56  Probe  
  87  7:57  Observer  
  89  7:59  Nexus  
  89  8:00  Pylon  
  89  8:01  Protoss Shields Level 1 (Chrono Boost)  
  89  8:02  Assimilator  
  95  8:06  Assimilator  
  89  8:24  Photon Cannon  
  89  8:27  Photon Cannon  
  89  8:29  Probe  
  89  8:30  Probe  
  91  8:37  Protoss Air Weapons Level 2 (Chrono Boost)  
  91  8:42  Probe x2  
  91  8:48  Stargate  
  93  8:54  Probe x2  
  94  9:06  Probe  
  92  9:10  Carrier x2 (Chrono Boost)  
  92  9:13  Probe x2  
  92  9:17  Carrier (Chrono Boost)  
  92  9:19  Probe  
  92  9:20  Pylon  
  91  9:25  Probe x2  
  91  9:31  Probe  
  111  9:56  Photon Cannon  
  105  10:07  Carrier (Chrono Boost)  
  105  10:09  Carrier (Chrono Boost)  
  93  10:15  Carrier (Chrono Boost)  
  95  10:31  Photon Cannon  
  95  10:34  Probe x2 (Chrono Boost)  
  101  10:53  Nexus  
  101  10:56  Pylon  
  101  10:59  Pylon  
  101  11:00  Probe  
  101  11:01  Assimilator  
  102  11:05  Carrier x2 (Chrono Boost), Assimilator  
  102  11:14  Stargate  
  102  11:17  Stargate  
  108  11:18  Protoss Air Weapons Level 3 (Chrono Boost)  
  114  11:36  Carrier (Chrono Boost)  
  114  11:42  Photon Cannon  
  114  11:43  Probe x2  
  114  11:44  Photon Cannon  
  114  11:46  Photon Cannon  
  114  11:47  Photon Cannon  
  116  11:52  Photon Cannon  
  122  12:06  Pylon  
  122  12:20  Probe (Chrono Boost)  
  126  12:23  Probe (Chrono Boost), Carrier (Chrono Boost)  
  126  12:24  Probe (Chrono Boost)  
  126  12:26  Probe (Chrono Boost)  
  126  12:31  Pylon  
  126  12:32  Probe (Chrono Boost)  
  126  12:33  Probe (Chrono Boost)  
  128  12:38  Carrier (Chrono Boost)  
  128  12:50  Observer (Chrono Boost)  
  134  12:53  Nexus  
  134  12:56  Pylon  
  134  12:57  Pylon  
  133  12:59  Pylon  
  133  13:04  Assimilator  
  138  13:09  Assimilator  
  130  13:24  Carrier (Chrono Boost)  
  130  13:25  Pylon  
  130  13:26  Probe (Chrono Boost), Carrier (Chrono Boost)  
  133  13:29  Pylon  
  133  13:31  Probe x2 (Chrono Boost)  
  133  13:32  Probe (Chrono Boost)  
  133  13:33  Carrier (Chrono Boost)  
  133  13:39  Probe (Chrono Boost)  
  152  13:45  Carrier x2 (Chrono Boost)  
  164  14:10  Protoss Air Armor Level 1 (Chrono Boost)  
  164  14:14  Twilight Council  
  164  14:16  Carrier (Chrono Boost)  
  164  14:20  Probe x3  
  164  14:21  Probe  
  174  14:58  Photon Cannon  
  174  15:01  Photon Cannon  
  174  15:02  Photon Cannon  
  174  15:03  Photon Cannon  
  174  15:06  Pylon  
  174  15:10  Photon Cannon  
  174  15:12  Photon Cannon  
Show
View Real Time Build Order
Export as new Build Order

Wintersc2 Terran 

Build Orders: Command Center First (CC) 

Get SALT Encoding   

  12  0:04  SCV  
  13  0:16  SCV  
  14  0:28  Supply Depot  
  14  0:34  SCV  
  15  0:49  SCV  
  16  1:03  Command Center  
  16  1:06  SCV  
  17  1:16  Barracks  
  17  1:27  SCV  
  17  1:30  Refinery  
  19  1:40  SCV  
  19  1:44  Refinery  
  19  1:52  SCV  
  20  2:04  SCV  
  20  2:05  Marine  
  20  2:08  Supply Depot  
  22  2:15  Orbital Command  
  22  2:20  Orbital Command  
  22  2:24  Marine  
  23  2:36  Factory  
  23  2:45  SCV x2  
  23  2:47  Marine  
  26  2:57  SCV  
  27  3:00  Factory  
  27  3:06  SCV  
  28  3:14  SCV  
  28  3:17  Factory  
  29  3:22  Factory Tech Lab  
  29  3:25  SCV  
  30  3:28  SCV  
  30  3:37  SCV  
  29  3:54  Factory Reactor  
  29  3:55  Cyclone  
  32  3:56  SCV  
  32  3:57  Missile Turret  
  32  4:00  SCV  
  32  4:01  Missile Turret  
  34  4:03  Factory Tech Lab x2  
  34  4:07  Refinery  
  34  4:09  SCV  
  35  4:10  Refinery  
  35  4:14  SCV  
  35  4:15  Supply Depot  
  36  4:22  SCV  
  37  4:24  Cyclone  
  37  4:26  SCV  
  41  4:34  SCV  
  41  4:35  Cyclone  
  41  4:38  Missile Turret  
  45  4:39  SCV  
  46  5:00  Cyclone  
  46  5:02  SCV  
  50  5:07  Missile Turret  
  50  5:08  SCV  
  50  5:09  Command Center  
  51  5:14  SCV  
  51  5:20  Missile Turret  
  52  5:26  SCV x2  
  54  5:29  Armory  
  54  5:46  Supply Depot  
  54  5:47  Supply Depot  
  54  6:06  Supply Depot  
  54  6:08  SCV x2, Cyclone x3  
  65  6:19  Terran Vehicle and Ship Weapons Level 1  
  65  6:20  SCV x2  
  67  6:32  SCV x2  
  69  6:33  Starport, Orbital Command  
  69  6:36  Starport  
  69  6:44  SCV x2  
  69  6:46  Starport  
  71  6:56  Command Center, SCV x2  
  73  7:03  Armory  
  73  7:05  Factory Reactor  
  73  7:06  Orbital Command  
  73  7:10  Factory Reactor  
  73  7:16  Starport Reactor  
  70  7:37  Banshee  
  70  7:38  Cloaking Field  
  70  7:40  SCV, Fusion Core  
  70  7:43  SCV, Starport  
  75  7:44  SCV  
  75  7:49  Command Center  
  75  7:50  Starport Tech Lab  
  76  7:51  Starport Reactor  
  76  7:52  SCV  
  76  7:54  Refinery  
  76  7:57  SCV, Refinery  
  78  8:00  Viking  
  78  8:04  Terran Vehicle And Ship Armor Level 1  
  80  8:07  SCV  
  80  8:08  SCV  
  67  8:20  SCV x2  
  67  8:22  Hellion x4  
  67  8:23  SCV  
  75  8:28  Battlecruiser  
  75  8:32  SCV  
  79  8:34  SCV  
  79  8:38  SCV  
  79  8:39  Missile Turret  
  79  8:40  Viking x2  
  85  8:44  SCV, Viking  
  88  8:50  SCV  
  88  8:52  Hellion x2  
  88  8:54  Behemoth Reactor  
  93  9:07  Viking x2  
  89  9:10  Viking  
  89  9:11  SCV  
  87  9:28  Refinery  
  87  9:29  Viking x2  
  87  9:30  Refinery  
  85  9:32  SCV, Viking  
  86  9:42  Battlecruiser  
  92  9:50  SCV  
  89  10:06  SCV  
  89  10:07  SCV  
  87  10:12  Orbital Command  
  86  10:18  SCV  
  86  10:19  SCV, Terran Vehicle and Ship Weapons Level 2  
  82  10:24  Orbital Command  
  76  10:31  SCV x2  
  70  10:36  Viking x2  
  66  10:43  SCV x2  
  67  10:55  SCV  
  68  10:57  SCV  
  68  10:58  Orbital Command  
  69  11:05  Viking  
  69  11:06  SCV  
  69  11:11  Viking x2  
  76  11:14  SCV  
  76  11:15  SCV  
  78  11:18  SCV  
  78  11:19  Terran Vehicle And Ship Armor Level 2  
  79  11:26  SCV  
  79  11:27  SCV x2, Refinery  
  79  11:31  SCV  
  83  11:37  Raven  
  83  11:39  SCV  
  86  11:41  Viking x4  
  86  11:43  SCV x3  
  97  11:49  Hellion x2  
  97  11:53  SCV  
  102  11:55  SCV x2  
  104  12:05  SCV, Viking  
  104  12:07  SCV x2, Hellion  
  111  12:11  Viking x2  
  111  12:15  Viking  
  117  12:17  SCV  
  117  12:18  Orbital Command  
  117  12:19  SCV  
  118  12:26  Missile Turret  
  118  12:30  Missile Turret  
  118  12:31  SCV  
  118  12:34  SCV, Missile Turret x2  
  118  12:35  SCV, Missile Turret  
  121  12:38  Missile Turret x2  
  121  12:46  SCV  
  121  12:47  SCV  
  123  12:54  Weapon Refit  
  123  12:59  Terran Vehicle and Ship Weapons Level 3  
  123  13:22  Hellion  
  123  13:23  SCV  
  123  13:26  SCV  
  121  13:27  SCV  
  122  13:36  SCV  
  122  13:37  Supply Depot  
  122  13:41  Supply Depot  
  123  13:43  Supply Depot  
  123  13:54  SCV  
  122  14:01  Supply Depot  
  124  14:02  Supply Depot x2  
  124  14:03  Supply Depot, Hellion x2  
  124  14:05  Battlecruiser, Hellion  
  132  14:11  Starport  
  132  14:22  Viking, Widow Mine  
  132  14:23  SCV x2, Hellion, Widow Mine x2  
  140  14:24  Battlecruiser, Viking  
  140  14:26  Widow Mine  
  140  14:31  Missile Turret  
  154  14:33  Command Center x2  
  154  14:35  SCV x2, Viking x2  
  154  14:37  Engineering Bay  
  160  14:47  SCV x2  
  162  14:59  SCV x2  
  164  15:13  Widow Mine  
  164  15:14  Widow Mine  
  164  15:15  SCV, Viking  
  164  15:20  Viking  
  164  15:21  Viking, Widow Mine  
  162  15:30  SCV, Widow Mine  
  137  15:36  SCV  
  103  15:45  SCV  
Tags
 
Add a new tag
Caveats
  • Supply blocks, unpowered buildings, or Contaminate may cause inaccurate times.
  • Supply counts are checked every 10 seconds.